Map: Goldenaura LE

Players

kenO - Winner!

  • Race: Protoss Protoss
  • League: Diamond
  • Spawn Location: 5:00

A.I. 1 (Very Easy)

  • Race: Terran Terran
  • Spawn Location: 12:00

VOD

Have the link to the VOD?

Description

Time

  • Played on: Sept. 13, 2024, 7:46 p.m.
  • Length: 7:02
Show
View Real Time Build Order
Export as new Build Order

kenO Protoss - Winner!

Build Orders: 1 Gate Expand, Zealot Archon, Archon Drop 

Get SALT Encoding   

  12  0:00  Probe  
  13  0:12  Probe  
  14  0:19  Pylon  
  14  0:24  Probe  
  15  0:37  Probe (Chrono Boost)  
  15  0:39  Gateway  
  16  0:47  Probe (Chrono Boost)  
  16  0:48  Assimilator  
  17  0:52  Probe (Chrono Boost)  
  18  1:03  Probe  
  19  1:15  Probe  
  20  1:23  Nexus  
  20  1:33  Cybernetics Core  
  20  1:35  Probe  
  21  1:41  Assimilator  
  21  1:47  Probe  
  21  1:51  Pylon  
  22  2:00  Probe (Chrono Boost)  
  23  2:06  Adept (Chrono Boost)  
  23  2:10  Warp Gate  
  23  2:12  Probe (Chrono Boost)  
  26  2:19  Robotics Facility  
  26  2:20  Probe (Chrono Boost)  
  27  2:27  Shield Battery  
  27  2:33  Probe (Chrono Boost)  
  29  2:37  Probe (Chrono Boost)  
  29  2:43  Stalker  
  32  2:46  Probe x2 (Chrono Boost)  
  33  2:54  Probe  
  33  2:55  Probe  
  35  3:06  Probe, Observer  
  35  3:07  Probe  
  38  3:13  Sentry  
  38  3:18  Probe  
  38  3:19  Probe  
  42  3:21  Immortal (Chrono Boost)  
  42  3:23  Pylon  
  46  3:35  Pylon  
  46  3:41  Probe x2  
  46  3:43  Assimilator  
  46  3:45  Assimilator  
  48  3:50  Immortal (Chrono Boost)  
  48  3:53  Probe x2  
  54  4:00  Twilight Council  
  54  4:04  Forge  
  54  4:05  Probe  
  54  4:06  Probe  
  56  4:14  Pylon  
  56  4:17  Probe  
  56  4:18  Probe  
  58  4:26  Gateway  
  58  4:28  Gateway  
  58  4:29  Probe  
  59  4:33  Gateway  
  59  4:38  Charge  
  59  4:39  Protoss Ground Weapons Level 1 (Chrono Boost)  
  59  4:46  Gateway  
  59  4:51  Gateway  
  59  4:56  Gateway  
  59  5:01  Gateway  
  59  5:07  Templar Archives  
  59  5:13  Zealot  
  61  5:14  Warp Prism (Chrono Boost)  
  63  5:22  Pylon  
  63  5:24  Zealot  
  65  5:29  Pylon  
  65  5:31  Zealot  
  67  5:38  Zealot  
  67  5:41  Pylon  
  69  5:44  High Templar x2  
  69  5:47  High Templar x2  
  69  5:49  Archon  
  77  5:51  Archon  
  77  5:52  Zealot  
  77  5:53  Zealot  
  81  5:59  Pylon  
  81  6:13  High Templar x2  
  81  6:18  Zealot x4  
  93  6:19  Archon  
  93  6:20  Zealot  
  93  6:21  Zealot  
  97  6:35  Pylon  
  97  6:36  Pylon  
  97  6:42  High Templar x2  
  101  6:50  Archon  
  101  6:51  Pylon  
  101  6:53  Zealot x4  
  109  6:54  Zealot x2  
Show
View Real Time Build Order
Export as new Build Order

A.I. 1 (Very Easy) Terran 

Build Orders:  

Get SALT Encoding   

  12  0:00  SCV  
  13  0:13  SCV  
  14  0:18  Supply Depot  
  14  0:37  Refinery  
  14  0:41  Barracks  
  14  1:04  Supply Depot  
  14  1:13  Refinery  
  14  1:29  SCV  
  14  1:30  Marine  
  16  1:41  SCV  
  17  1:53  SCV  
  18  2:03  Marine  
  18  2:05  SCV  
  20  2:17  SCV  
  21  2:29  SCV  
  22  2:37  Marine  
  22  2:42  Orbital Command  
  23  5:52  SCV, Marine  
  23  5:54  Supply Depot  
  23  5:55  Factory  
  25  6:16  SCV  
  23  6:20  Supply Depot  
  23  6:24  Marine  
  24  6:28  SCV  
  24  6:40  SCV  
  24  6:44  Barracks Tech Lab  
  19  6:52  Supply Depot  
Tags
 
Composition
Zealot Archon
League
Diamond
Matchup
PvT
Spawn Locations
Cross Positions
Strategy
Archon Drop
Add a new tag
Caveats
  • Supply blocks, unpowered buildings, or Contaminate may cause inaccurate times.
  • Supply counts are checked every 10 seconds.